 Dungeon Crawl Stone Soup version 0.31-a0-145-g046c7d2549 (webtiles) character file.

Game seed: 16982423448146823366

537321 KimchiStew the Fencer (level 25, -8/164 HPs)
             Began as a Barachi Warper on June 6, 2023.
             Was a Follower of Zin.
             Mangled by a +6 heavy glaive (17 damage)
             ... animated by Zenata
             ... on level 1 of the Crypt.
             The game lasted 02:54:09 (67390 turns).

KimchiStew the Fencer (Barachi Warper)             Turns: 67390, Time: 02:54:10

Health: -8/164     AC: 29    Str: 30 (33) XL:     25   Next: 86%
Magic:  20/42      EV: 25    Int: 14      God:    Zin [*.....]
Gold:   55         SH: 22    Dex: 25      Spells: 1/54 levels left

rFire   + . .        O - +6 eudemon blade (holy)
rCold   + + +        n - +0 tower shield
rNeg    + + +        y - +2 pearl dragon scales
rPois   .            j - +1 helmet of the Heavens {Str+3 Slay+2}
rElec   .            P - +1 cloak of the Yeti {rC++ MP+9}
rCorr   .            I - +2 pair of gloves "Cisaqun" {Regen+ Int+4}
SInv    +            m - +2 pair of boots
Will    ++...        u - amulet "Dasimam" {RegenMP rF+ Dex+5}
Stlth   ++++         t - ring "Nyawarem" {rC+ Will+ Str+2}
HPRegen 1.27/turn    d - ring "Lire" {rN++ Str+6 Stlth+}
MPRegen 0.68/turn

%: random rage (3%)
@: lethally poisoned (-8 -> -9), unable to hop, on berserk cooldown, slowed,
studying Ranged Weapons, unable to read, very slow
A: amphibious, slowness 1, strong legs 2, +LOS, thin skeletal structure 1, see
invisible, berserk 1, deterioration 1, dopey 2, frail 2, low MP 2, screaming 1,
strong 2, teleportitis 1, subdued magic 2, inability to drink after injury 1,
inability to read after injury 2
}: 3/15 runes: barnacled, slimy, gossamer
a: Hop, Renounce Religion, Recite, Donate Gold


You were on level 1 of the Crypt.
You worshipped Zin.
Zin was aware of your devotion.
You visited 10 branches of the dungeon, and saw 47 of its levels.
You also visited: Volcano, Wizlab and Desolation.

You collected 5872 gold pieces.
You spent 5801 gold pieces at shops.
You donated 16 gold pieces to Zin.

Inventory:

Hand Weapons
 K - the +7 long sword of Kukuen {flame, Will+}
   (You found it on level 8 of the Dungeon)

   Will:      It increases your willpower.
 O - a +6 eudemon blade of holy wrath (weapon)
Missiles
 k - 11 silver javelins (quivered)
 z - 7 curare-tipped darts
 W - 6 throwing nets
Armour
 j - the +1 helmet of the Heavens (worn) {Str+3 Slay+2}
   (You found it on level 3 of the Dungeon)

   Str:       It affects your strength (+3).
   Slay:      It affects your accuracy & damage with ranged weapons and melee
   (+2).
 m - a +2 pair of boots (worn)
 n - a +0 tower shield (worn)
 y - +2 pearl dragon scales (worn)
 H - a scarf of repulsion
 I - the +2 pair of gloves "Cisaqun" (worn) {Regen+ Int+4}
   (You found it on level 3 of the Elven Halls)

   Int:       It affects your intelligence (+4).
   Regen:     It increases your rate of health regeneration.
 P - the +1 cloak of the Yeti (worn) {rC++ MP+9}
   (You acquired it on level 2 of the Elven Halls)

   rC:        It greatly protects you from cold.
   MP:        It affects your magic capacity (+9).
 R - a +0 kite shield of reflection
Jewellery
 b - the ring "Olucs" {Fire rElec Will+ Dex+4}
   (You found it on level 4 of the Shoals)

   [ring of fire]

   It enhances your fire magic.
   Dex:       It affects your dexterity (+4).
   rF:        It protects you from fire.
   rC:        It makes you vulnerable to cold.
   rElec:     It insulates you from electricity.
   Will:      It increases your willpower.
 d - the ring "Lire" (right hand) {rN++ Str+6 Stlth+}
   (You found it on level 3 of the Depths)

   [ring of strength]

   Str:       It affects your strength (+6).
   rN:        It greatly protects you from negative energy.
   Stlth:     It makes you more stealthy.
 g - the ring "Alui" {rC+ rN+ Stlth+}
   (You took it off an imperial myrmidon in the Desolation of Salt)

   [ring of protection from cold]

   rC:        It protects you from cold.
   rN:        It protects you from negative energy.
   Stlth:     It makes you more stealthy.
 o - the ring of the Tortoise {AC+8}
   (You bought it in a shop on level 11 of the Dungeon)

   [ring of protection]

   AC:        It affects your AC (+8).
 t - the ring "Nyawarem" (left hand) {rC+ Will+ Str+2}
   (You bought it in a shop on level 1 of the Shoals)

   [ring of willpower]

   Str:       It affects your strength (+2).
   rC:        It protects you from cold.
   Will:      It increases your willpower.
 u - the amulet "Dasimam" (around neck) {RegenMP rF+ Dex+5}
   (You took it off a merfolk on level 4 of the Shoals)

   [amulet of magic regeneration]

   It increases your rate of magic regeneration.
   Dex:       It affects your dexterity (+5).
   rF:        It protects you from fire.
 E - a ring of resist corrosion
 J - the amulet of Dufytz {RegenMP SInv}
   (You bought it in a shop on level 2 of the Orcish Mines)

   [amulet of magic regeneration]

   It increases your rate of magic regeneration.
   SInv:      It lets you see invisible.
 S - the ring "Locvo Jiaso" {rPois rC++ Will- rCorr Int+6}
   (You bought it in a shop on level 1 of the Shoals)

   [ring of intelligence]

   Int:       It affects your intelligence (+6).
   rC:        It greatly protects you from cold.
   rPois:     It protects you from poison.
   rCorr:     It protects you from acid and corrosion.
   Will:      It decreases your willpower.
Wands
 x - a wand of roots (74)
 A - a wand of paralysis (34)
 T - a wand of mindburst (53)
 V - a wand of digging (11)
 X - a wand of flame (79)
 Z - a wand of acid (27)
Scrolls
 c - 7 scrolls of blinking
 h - 5 scrolls of magic mapping
 l - 23 scrolls of teleportation
 s - 8 scrolls of vulnerability
 B - 6 scrolls of poison
 G - a scroll of butterflies
 L - 5 scrolls of fear
 N - 3 scrolls of silence
 U - 6 scrolls of fog
Potions
 a - 11 potions of ambrosia
 e - 7 potions of curing
 f - 5 potions of heal wounds
 i - 8 potions of might
 q - 3 potions of invisibility
 r - 6 potions of cancellation
 v - 3 potions of magic
 C - 3 potions of berserk rage
 D - 8 potions of enlightenment
 F - 3 potions of resistance
 Q - 10 potions of lignification
 Y - 9 potions of attraction
Miscellaneous
 p - a box of beasts
 w - a phantom mirror


   Skills:
 - Level 18.5 Fighting
 - Level 18.7 Long Blades
 - Level 12.0 Throwing
 + Level 11.6 Armour
 + Level 18.7 Dodging
 - Level 5.0 Stealth
 + Level 15.8 Shields
 + Level 15.2 Spellcasting
 + Level 3.0 Hexes
 + Level 14.9 Summonings
 + Level 18.2 Translocations
 - Level 8.0 Ice Magic
 - Level 4.0 Air Magic
 - Level 14.0 Invocations
 - Level 9.0 Evocations


You had one spell level left.
You knew the following spells:

 Your Spells              Type           Power      Damage    Failure   Level
a - Manifold Assault      Tloc           38%        N/A       1%          4
b - Teleport Other        Tloc           38%        N/A       0%          3
c - Lesser Beckoning      Tloc           76%        N/A       0%          2
d - Frozen Ramparts       Ice            40%        1d7       1%          3
e - Blink                 Tloc           76%        N/A       0%          2
f - Vhi's Electric Charg  Tloc/Air       52%        N/A       1%          3
g - Passage of Golubria   Tloc           38%        N/A       1%          4
h - Summon Forest         Summ/Tloc      17%        N/A       1%          5
i - Summon Horrible Thin  Summ           16%        N/A       96%         8
j - Dispersal             Tloc           19%        N/A       1%          6
k - Disjunction           Tloc           19%        N/A       56%         8
l - Summon Mana Viper     Hex/Summ       22%        N/A       12%         5

Your spell library contained the following spells:

 Spells                   Type           Power      Damage    Failure   Level
 Apportation              Tloc           76%        N/A       0%          1
 Freeze                   Ice            80%        1d9       1%          1
 Kiss of Death            Conj/Necr      24%        2d7       17%         1
 Magic Dart               Conj           24%        1d4       17%         1
 Sting                    Tmut/Pois      24%        1d4       17%         1
 Call Imp                 Summ           64%        N/A       1%          2
 Ensorcelled Hibernation  Hex/Ice        32%        N/A       1%          2
 Call Canine Familiar     Summ           32%        N/A       1%          3
 Portal Projectile        Hex/Tloc       50%        N/A       1%          3
 Summon Ice Beast         Ice/Summ       26%        N/A       1%          4
 Summon Lightning Spire   Summ/Air       23%        N/A       2%          4
 Summon Cactus Giant      Summ           16%        N/A       4%          6
 Animate Armour           Summ/Erth      38%        N/A       7%          4
 Hailstorm                Conj/Ice       13%        3d5       10%         3
 Poisonous Vapours        Pois/Air       20%        N/A       11%         2
 Cigotuvi's Dreadful Rot  Necr/Pois/Air  18%        N/A       16%         2
 Confusing Touch          Hex            11%        N/A       16%         3
 Malign Gateway           Summ/Tloc      17%        N/A       16%         7
 Scorch                   Fire           12%        2d5       28%         2
 Searing Ray              Conj           12%        2d4       28%         2
 Dazzling Flash           Conj/Hex       18%        N/A       28%         3
 Mephitic Cloud           Conj/Pois/Air  9%         N/A       30%         3
 Monstrous Menagerie      Summ           16%        N/A       32%         7
 Ice Form                 Ice/Tmut       13%        N/A       34%         4
 Cause Fear               Hex            5%         N/A       47%         4
 Metabolic Englaciation   Hex/Ice        8%         N/A       47%         5
 Ignite Poison            Fire/Tmut/Pois 6%         N/A       50%         3
 Spider Form              Tmut/Pois      6%         N/A       50%         3
 Stone Arrow              Conj/Erth      12%        3d7       50%         3
 Anguish                  Hex/Necr       4%         N/A       71%         4
 Fulminant Prism          Conj/Hex       4%         3d5       71%         4
 Leda's Liquefaction      Hex/Erth       4%         N/A       71%         4
 Freezing Cloud           Conj/Ice/Air   6%         6-21      71%         5
 Silence                  Hex/Air        6%         N/A       78%         5
 Animate Dead             Necr           6%         N/A       90%         4
 Dispel Undead            Necr           6%         3d8       90%         4
 Flame Wave               Conj/Fire      6%         2d5       90%         4
 Olgreb's Toxic Radiance  Pois           6%         N/A       90%         4
 Petrify                  Tmut/Erth      6%         N/A       90%         4
 Arcjolt                  Conj/Air       5%         1d15      94%         5
 Agony                    Necr           6%         N/A       99%         5
 Alistair's Intoxication  Tmut/Pois      4%         N/A       99%         5
 Blade Hands              Tmut           3%         N/A       99%         5
 Borgnjor's Vile Clutch   Necr/Erth      3%         N/A       99%         5
 Irradiate                Conj/Tmut      3%         3d12      99%         5
 Iskenderun's Battlesphe  Conj           6%         2d6       99%         5
 Simulacrum               Ice/Necr       6%         N/A       99%         6
 Death Channel            Necr           3%         N/A       100%        6
 Eringya's Noxious Bog    Tmut/Pois      3%         N/A       100%        6
 Leda's Unmaking          Conj/Erth      3%         9d1       100%        6
 Statue Form              Tmut/Erth      4%         N/A       100%        6
 Dragon Form              Tmut           3%         N/A       100%        7
 Enfeeble                 Hex            5%         N/A       100%        7
 Haunt                    Necr/Summ      9%         N/A       100%        7
 Spellforged Servitor     Conj/Summ      9%         N/A       100%        7
 Discord                  Hex            5%         N/A       100%        8
 Ignition                 Fire           3%         3d4       100%        8
 Infestation              Necr           3%         N/A       100%        8
 Lehudib's Crystal Spear  Conj/Erth      3%         10d2      100%        8
 Maxwell's Capacitive Co  Air            6%         ∞         100%        8
 Fire Storm               Conj/Fire      3%         8d1       100%        9
 Polar Vortex             Ice            10%        N/A       100%        9


Dungeon Overview and Level Annotations

Branches:
Dungeon (15/15)            Temple (0/1) D:7            Lair (5/5) D:9
 Shoals (4/4) Lair:2       Spider (4/4) Lair:2        Slime (5/5) Lair:5
    Orc (2/2) D:10            Elf (3/3) Orc:2        Vaults (4/5) D:13
  Crypt (1/3) Vaults:3     Depths (4/4) D:15            Zot (0/5) Depths:4
Volcano (visited)          WizLab (visited)         Desolation (visited)

Altars:
Ashenzari
Cheibriados
Elyvilon
Fedhas
Gozag
Kikubaaqudgha
Okawaru
Qazlal
Ru
Sif Muna
Trog
Uskayaw
Vehumet
Xom
Zin
The Shining One
Jiyva
Lugonu

Shops:
D:11 *(*=   Orc:1 (   Orc:2 =(**   Elf:2 ?   Elf:3 (   Shoals:1 (=[*(
Shoals:3 :   Vaults:2 [   Depths:1 *   Depths:2 [

Portals:
Hell: Depths:1 Depths:2 Depths:3 Depths:4
Abyss: Lair:5 Depths:2 Depths:3 Depths:4
Pandemonium: Orc:2 Depths:2
Ziggurat: Depths:3
Trove: D:15 (give +8 demon blade)

Annotations:
D:3 exclusion: door
D:10 4 transporters, 1 runed translucent door
Shoals:1 1 runed translucent door, KimchiStew's ghost, adept TrGl
Spider:3 2 transporters, sastreii's ghost, adept DrBr
Elf:2 3 runed translucent doors
Vaults:1 2 runed translucent doors, Fubrub's ghost, veteran GnWr; Qotsoore's ghost, adept DsFi
Crypt:1 Zenata


Innate Abilities, Weirdness & Mutations

You are amphibious.
You cover ground slowly.
You can hop long distances.
You have an extended range of vision and can be seen from far away.
You have a somewhat thin skeletal structure. (Dex +2, Stealth+)
You have supernaturally acute eyesight. (SInv)
You sometimes lose your temper in combat.
Your body sometimes deteriorates upon taking damage.
You are very dopey. (Int -4)
You are very frail. (-20% HP)
Your magical capacity is very low. (-20% MP)
You occasionally shout uncontrollably at your foes.
Your muscles are very strong. (Str +8, Int/Dex -2)
You are occasionally teleported next to monsters.
Your spells are easier to cast, but less powerful.
You occasionally lose the ability to drink potions when taking damage.
You sometimes lose the ability to read scrolls when taking damage.


Message History

You block the +2 dire flail of draining's attack.
You block the +0 glaive of venom's attack.
The +4 glaive of pain barely misses you.
The +8 hand axe of freezing hits you but does no damage.
The +6 heavy glaive hits you but does no damage.
You take 57 damage, and have 24/164 hp.
Unknown command.
You cannot read scrolls in your current state!
Unknown command.
Hop to where?
Press: ? - help, Dir - move target, p - Zenata Boing!
Space becomes stable.
You block the +8 hand axe of freezing's attack.
Zenata points at you and mumbles some strange words.
A blast of power from the earth and the adjacent constructs strikes you!
* * * LOW HITPOINT WARNING * * *
The +0 glaive of venom hits you but does no damage.
You are poisoned.
You block the +0 war axe of draining's attack.
You block the +8 hand axe of freezing's attack.
You take 10 damage, and have 14/164 hp.
You cannot read scrolls in your current state!
Unknown command.
Unknown command.
Unknown command.
You feel much better.
You feel sick. The +8 hand axe of freezing misses you.
You block the +0 war axe of draining's attack.
You block the +6 heavy glaive's attack.
The +0 glaive of venom hits you but does no damage.
The +8 hand axe of freezing completely misses you.
Zenata says, "I'll bring them back.
Then they'll show me... everything..."
The +0 war axe of draining hits you!
* * * LOW HITPOINT WARNING * * *
The +0 glaive of venom hits you from afar!
* * * LOW HITPOINT WARNING * * *
Your body deteriorates!
You feel weakened.
The +8 hand axe of freezing hits you but does no damage.
The +6 heavy glaive hits you from afar!
You die...

#......... ###..###.#
#..# #.# .# #..# #.# .#
#..# #.# # #.# #).# #.#
#. ♣.# #))# #.# #.
#.##############.)# #.#
#.. #.##.(@...........#
#.#
#..###.♣#((............#
#.#
#...)...((##########...#
#.# #...)...a(# #...#
#.# ######....#
#...###.# ##..#♣
#.......# #..# #...#####
#..# #...# #.(#
#...#####


You could see Zenata and 6 dancing weapons.

Vanquished Creatures
  the Royal Jelly (Slime:5)
  Dissolution (Slime:1)
  Mennas (Vaults:3)
  A juggernaut (Depths:1)
  Margery (Crypt:1)
  Saint Roka (Vaults:3)
  3 caustic shrikes (Depths:1)
  A golden dragon (Depths:4)
  Nikola (Spider:3)
  Arachne (Spider:2)
  The ghost of Zachyss the Slayer, an adept MiFi of Qazlal (Elf:1)
  3 liches
  A walking crystal tome (WizLab)
  2 deep elf blademasters (Elf:3)
  2 deep elf master archers (Elf:3)
  The ghost of Bekk the Peltast, an adept MiFi of the Shining One (Spider:4)
  2 titans
  17 acid blobs
  4 krakens
  An ancient champion (Crypt:1)
  A shadow dragon (Depths:4)
  Polyphemus (Shoals:2)
  2 tengu reavers
  2 storm dragons
  8 sphinxes
  2 strange machines (WizLab)
  Kirke (D:14)
  A draconian monk (Depths:4)
  12 azure jellies
  Donald (Spider:3)
  10 rockslimes
  3 revenants (Crypt:1)
  3 deep elf sorcerers (Elf:3)
  A fire giant (Depths:4)
  5 frost giants
  16 vault wardens
  Louise (Spider:2)
  3 imperial myrmidons (Desolation)
  2 angels (Vaults:2)
  5 emperor scorpions
  A deep elf elementalist (Elf:3)
  7 ghost moths
  3 orc warlords
  A curse skull (Crypt:1)
  A draconian annihilator (Depths:4)
  A broodmother (Spider:4)
  2 spriggan defenders (Depths:3)
  15 ironbound preservers
  10 ironbound thunderhulks
  13 formless jellyfish
  10 quicksilver oozes
  19 stone giants
  19 very ugly things
  4 war gargoyles
  A formless jellyfish (shapeshifter) (Depths:4)
  A red draconian (Depths:4)
  4 vampire knights
  8 deep elf demonologists (Elf:3)
  A black draconian (Depths:4)
  2 yellow draconians (Depths:4)
  9 deep elf annihilators
  A minotaur (Shoals:4)
  6 spark wasps
  A halazid warlock (Desolation)
  A lorocyproca (Depths:2)
  12 dire elephants
  2 white draconians (Depths:4)
  A blizzard demon (Depths:4)
  7 deep elf death magi
  8 fire dragons
  7 ettins
  2 eidola (Crypt:1)
  2 merfolk javelineers
  An entropy weaver (shapeshifter) (D:14)
  2 merfolk impalers
  10 ragged hierophants (Desolation)
  7 entropy weavers
  3 jiangshi (Depths:3)
  3 deep elf high priests
  2 crystal guardians
  Josephine (D:11)
  10 great orbs of eyes
  14 yaktaur captains
  4 hydras
  Harold (Lair:2)
  9 rakshasas
  8 ice dragons
  16 peacekeepers
  15 vault guards
  5 servants of whispers (Desolation)
  A jorogumo (Spider:4)
  4 spriggan air magi
  2 demonspawn (Orc:2)
  2 ogre magi
  14 satyrs
  An alligator snapping turtle (Shoals:3)
  13 centaur warriors
  10 boulder beetles
  A catoblepas (Shoals:2)
  6 death knights
  10 two-headed ogres
  3 merfolk aquamancers
  3 radroaches
  A merfolk avatar (Shoals:1)
  19 death yaks
  10 ironbound frosthearts
  4 deep troll shamans (Depths:1)
  3 deep troll earth magi
  3 vampire magi
  11 demonic crawlers
  7 spriggan berserkers
  10 tengu warriors
  4 orc high priests (Orc:2)
  21 dancing weapons
  3 thrashing horrors (Lair:5)
  Nergalle (D:10)
  2 soul eaters
  5 hell knights
  A sun demon (Depths:2)
  7 skysharks
  16 skeletal warriors
  Lodul (D:14)
  A sun moth (Spider:4)
  17 deep elf knights
  4 pharaoh ants
  A shadow wraith (Vaults:3)
  2 titan skeletons
  6 glowing orange brains
  6 iron trolls
  7 wizards
  A flayed ghost (Crypt:1)
  11 sea snakes
  41 deep trolls
  5 phantasmal warriors (Crypt:1)
  7 steelbarb worms
  12 orb spiders
  12 deep elf archers
  3 necromancers
  2 stone giant zombies
  7 lindwurms
  A harpy (shapeshifter) (Lair:5)
  12 orc knights
  20 ironbound convokers
  13 harpies
  A goliath frog zombie (Crypt:1)
  9 shining eyes
  9 orc sorcerers
  38 ugly things
  A salamander (Depths:1)
  25 deep elf pyromancers
  14 deep elf zephyrmancers
  5 moths of wrath
  32 fauns
  19 wolf spiders
  16 manticores
  15 vault sentinels
  6 cyclopes
  4 black mambas
  A rust devil (Depths:2)
  10 elephants (Lair:4)
  A frost giant skeleton (Depths:2)
  9 merfolk sirens
  Joseph (D:7)
  An ice statue (Elf:2)
  2 centaur skeletons (D:13)
  3 gargoyles
  4 torpor snails
  8 water nymphs
  3 guardian serpents (Desolation)
  An orange demon (Depths:2)
  A kobold demonologist (D:13)
  3 smoke demons
  11 cane toads
  15 eyes of devastation (Depths:3)
  An unseen horror (Depths:2)
  19 yaktaurs
  2 rime drakes
  4 freezing wraiths
  3 ancient zymes (Lair:5)
  7 tengu conjurers
  11 komodo dragons
  3 ice devils (Depths:2)
  24 merfolk
  4 polar bears
  5 trolls
  9 meliai
  A red devil (Orc:2)
  A hellwing (Depths:2)
  Prince Ribbit (D:7)
  79 saltlings (Desolation)
  3 wind drakes
  28 tarantellas
  8 hornets
  21 blink frogs
  A culicivora zombie (Crypt:1)
  5 snapping turtles
  Grinder (D:3)
  9 dream sheep
  12 large abominations
  97 slime creatures
  A slime creature (shapeshifter) (Depths:1)
  2 human simulacra (Vaults:4)
  A jumping spider (shapeshifter) (D:15)
  36 jumping spiders
  An ice dragon skeleton (Crypt:1)
  A centaur simulacrum (D:15)
  13 culicivoras
  A vampire (D:12)
  An air elemental (Elf:1)
  2 alligator skeletons (Volcano)
  2 flying skulls (Volcano)
  A shadow (D:11)
  12 water elementals
  Sigmund (D:2)
  7 wraiths
  4 ynoxinuls
  4 spriggans
  7 wyverns
  6 fire elementals
  A hog (shapeshifter) (Lair:5)
  34 yaks
  9 basilisks
  A neqoxec (Depths:2)
  3 hogs (D:14)
  2 fire bats (Depths:1)
  3 golden eyes (Depths:3)
  2 steam dragons (D:8)
  10 vampire mosquitoes
  2 chaos spawn (Depths:2)
  2 wargs
  44 redbacks
  Duvessa (D:4)
  16 water moccasins
  31 orc warriors
  14 small abominations
  2 black bears
  A sky beast (D:7)
  18 ogres
  4 ice beasts
  16 centaurs
  27 wolves
  10 kobold brigands
  15 bullfrogs
  4 scorpions
  3 gnoll sergeants (D:10)
  An earth elemental (Elf:3)
  Dowan (D:4)
  4 wights (D:8)
  14 killer bees
  2 oklob saplings (D:9)
  5 howler monkeys
  3 electric eels
  A spriggan skeleton (Volcano)
  A gnoll bouda (D:9)
  5 hounds
  A jelly (D:5)
  16 orc priests
  A basilisk skeleton (Crypt:1)
  3 iguanas
  8 orc wizards
  2 sleepcaps (D:6)
  Terence (D:3)
  7 hell rats (Lair:5)
  2 boggart skeletons (D:13)
  A howler monkey zombie (Crypt:1)
  12 gnolls
  18 adders
  2 shadow imps (D:6)
  A white imp (D:7)
  A worm (D:2)
  5 dart slugs
  53 orcs
  5 endoplasms
  5 giant cockroaches
  7 goblins
  5 hobgoblins
  3 jackals (D:2)
  44 kobolds
  2 quokkas
  15 ball pythons
  7 bats
  A frilled lizard (D:3)
  An orc zombie (Crypt:1)
  4 rats (D:1)
  2 butterflies (Lair:1)
  11 tentacles
2097 creatures vanquished.

Vanquished Creatures (collateral kills)
  Mara (Shoals:4)
  A rockslime (Slime:5)
  A vault warden (Vaults:4)
  An ironbound preserver (Vaults:1)
  A very ugly thing (Depths:1)
  An ettin (Depths:1)
  A fire dragon (Depths:1)
  An entropy weaver (Vaults:3)
  A deep troll (Vaults:1)
  2 ironbound convokers
  2 orc knights
  An ugly thing (Depths:1)
  4 vault sentinels
  4 yaktaurs (Vaults:2)
  An orc warrior (Vaults:3)
23 creatures vanquished.

Vanquished Creatures (others)
  An eldritch tentacle (Elf:1)
  A stone giant (Depths:1)
  An orb spider (Spider:3)
  A moth of wrath (Spider:3)
  A spriggan (Depths:1)
  A kobold brigand (D:10)
  A swamp drake skeleton (Crypt:1)
  An orc (Orc:1)
  7 snaplasher vines
  10 tentacles
25 creatures vanquished.

Grand Total: 2145 creatures vanquished

Notes
Turn   | Place    | Note
-------+----------+-------------------------------------------
     0 | D:1      | KimchiStew the Barachi Warper began the quest for the Orb.
     0 | D:1      | Reached XP level 1. HP: 17/17 MP: 3/3
    37 | D:1      | Reached skill level 1 in Stealth
    74 | D:1      | Reached XP level 2. HP: 22/23 MP: 5/5
   109 | D:1      | Learned a level 2 spell: Blink
   282 | D:1      | You fall into a shaft and drop 1 floor!
   534 | D:2      | Reached XP level 3. HP: 28/28 MP: 6/6
   868 | D:2      | Noticed Sigmund
   954 | D:2      | Learned a level 3 spell: Teleport Other
  1276 | D:1      | Reached XP level 4. HP: 31/34 MP: 7/7
  2643 | D:3      | Found a bloodstained altar of Trog.
  2734 | D:3      | Noticed Grinder
  2741 | D:3      | Paralysed by Grinder for 4 turns
  2852 | D:4      | Found an opulent altar of Gozag.
  2928 | D:4      | Noticed Duvessa
  2950 | D:4      | Killed Duvessa
  2951 | D:4      | Reached skill level 5 in Long Blades
  2951 | D:4      | Reached XP level 5. HP: 34/39 MP: 8/8
  2965 | D:4      | Noticed Dowan
  2973 | D:4      | Killed Dowan
  2974 | D:4      | Reached XP level 6. HP: 46/46 MP: 9/9
  3224 | D:2      | Killed Sigmund
  3304 | D:3      | Killed Grinder
  3305 | D:3      | Reached XP level 7. HP: 23/51 MP: 10/10
  3490 | D:3      | Identified the +1 helmet of the Heavens {Str+3 Slay+2}
  3510 | D:3      | Noticed Terence
  3518 | D:3      | Killed Terence
  3874 | D:4      | Found a broken altar of Ashenzari.
  3982 | D:5      | Entered Level 5 of the Dungeon
  4069 | D:5      | Noticed a +0 dagger
  4069 | D:5      | Noticed a +0 hand axe
  4079 | D:5      | Found a hide-covered altar of Uskayaw.
  4318 | D:5      | Identified the +4 ring mail of Yfregir {Harm rCorr}
  4496 | D:5      | Reached skill level 10 in Long Blades
  4496 | D:5      | Reached XP level 8. HP: 37/57 MP: 11/11
  4764 | D:5      | Found a shimmering blue altar of Sif Muna.
  4769 | D:5      | Found a blossoming altar of Fedhas.
  4772 | D:5      | Found a snail-covered altar of Cheibriados.
  4787 | D:5      | Learned a level 2 spell: Lesser Beckoning
  4791 | D:5      | Learned a level 3 spell: Frozen Ramparts
  4794 | D:5      | Became a worshipper of Cheibriados the Contemplative
  5073 | D:6      | Found a white marble altar of Elyvilon.
  5100 | D:6      | Noticed a wyvern
  5118 | D:6      | Killed a wyvern
  5119 | D:6      | Reached skill level 5 in Fighting
  5398 | D:6      | Reached XP level 9. HP: 53/72 MP: 12/12
  5514 | D:6      | Reached * piety under Cheibriados
  5777 | D:6      | Identified the +1 ring mail of the Swan {-Tele Harm Rampage
                  | rElec}
  6073 | D:7      | Noticed Prince Ribbit
  6079 | D:7      | Killed Prince Ribbit
  6352 | D:7      | Reached skill level 10 in Fighting
  6521 | D:7      | Found a staircase to the Ecumenical Temple.
  6622 | D:7      | Reached skill level 1 in Ice Magic
  6635 | D:7      | Noticed Joseph
  6672 | D:7      | Killed Joseph
  6688 | D:7      | Learned a level 4 spell: Manifold Assault
  6894 | D:7      | Noticed a hornet
  6899 | D:7      | Killed a hornet
  7326 | D:8      | Reached XP level 10. HP: 70/85 MP: 15/15
  7332 | D:8      | Reached skill level 5 in Translocations
  7656 | D:8      | Reached ** piety under Cheibriados
  8000 | D:8      | Identified the +7 long sword of Kukuen {flame, Will+}
  8024 | D:8      | Reached skill level 5 in Ice Magic
  8276 | D:8      | Reached skill level 5 in Spellcasting
  8811 | D:9      | Reached *** piety under Cheibriados
  8877 | D:9      | Noticed a boulder beetle
  8899 | D:9      | Killed a boulder beetle
  8906 | D:9      | Reached **** piety under Cheibriados
  9214 | D:9      | Reached XP level 11. HP: 81/90 MP: 16/20
  9437 | D:9      | Found a shimmering altar of Xom.
  9438 | D:9      | Found a shimmering altar of Xom.
  9438 | D:9      | Found a shimmering altar of Xom.
  9438 | D:9      | Found a shimmering altar of Xom.
  9438 | D:9      | Found a shimmering altar of Xom.
  9490 | D:9      | Found a staircase to the Lair.
  9589 | D:9      | Found an ancient bone altar of Kikubaaqudgha.
  9963 | D:9      | Found a sacrificial altar of Ru.
 10096 | D:10     | Entered Level 10 of the Dungeon
 10380 | D:10     | Noticed a deep elf pyromancer
 10384 | D:10     | Killed a deep elf pyromancer
 10552 | D:10     | Noticed Nergalle
 10560 | D:10     | Killed Nergalle
 10680 | D:10     | Found a stormy altar of Qazlal.
 10694 | D:10     | Reached ***** piety under Cheibriados
 10995 | D:10     | Reached skill level 10 in Translocations
 11001 | D:10     | Reached skill level 1 in Invocations
 11106 | D:10     | Found a staircase to the Orcish Mines.
 11136 | D:10     | Learned a level 3 spell: Vhi's Electric Charge
 11165 | D:10     | Reached skill level 1 in Evocations
 11349 | D:10     | Found a transporter.
 11355 | D:10     | Found a transporter.
 11356 | D:10     | Found a transporter.
 11434 | D:10     | Found a transporter.
 11457 | D:10     | Found a runed translucent door.
 11457 | D:10     | Noticed an ogre mage
 11503 | D:11     | Noticed a cyclops
 11506 | D:11     | Killed a cyclops
 11575 | D:11     | Noticed a two-headed ogre
 11579 | D:11     | Killed a two-headed ogre
 11583 | D:11     | Noticed a boulder beetle
 11604 | D:11     | Killed a boulder beetle
 11739 | D:11     | Noticed Josephine
 11753 | D:11     | Killed Josephine
 11924 | D:11     | Noticed a manticore
 11931 | D:11     | Killed a manticore
 11932 | D:11     | Reached XP level 12. HP: 83/98 MP: 8/21
 12006 | D:11     | Found Opsolomi's Jewellery Shoppe.
 12010 | D:11     | Found Vacufao Izext's Antique Weapon Shop.
 12023 | D:11     | Bought a ring of poison resistance for 260 gold pieces
 12050 | D:11     | Found Vikiusm's General Store.
 12486 | D:11     | Found Vyas's Assorted Antiques.
 12495 | D:11     | Bought a scroll of teleportation for 96 gold pieces
 12550 | Lair:1   | Entered Level 1 of the Lair of Beasts
 13322 | Lair:1   | Noticed a seven-headed hydra
 13426 | Lair:1   | Killed a one-headed hydra
 13608 | Lair:1   | Reached skill level 1 in Air Magic
 13622 | Lair:1   | Reached ****** piety under Cheibriados
 13875 | Lair:2   | Found a staircase to the Shoals.
 13891 | Lair:2   | Noticed a four-headed hydra
 13897 | Lair:2   | Killed a one-headed hydra
 13979 | Lair:2   | Reached skill level 5 in Invocations
 13981 | Lair:2   | Found a dark tunnel.
 14038 | Volcano  | Entered a volcano
 14138 | Volcano  | Reached skill level 5 in Dodging
 14138 | Volcano  | Gained mutation: You can hop long distances. [Barachi
                  | growth]
 14138 | Volcano  | Reached XP level 13. HP: 101/106 MP: 22/22
 14160 | Volcano  | Reached skill level 5 in Armour
 14923 | Lair:2   | Found a hole to the Spider Nest.
 15025 | Lair:2   | Noticed Harold
 15055 | Lair:2   | Killed Harold
 15316 | Lair:2   | Reached skill level 5 in Evocations
 16852 | Lair:4   | Reached XP level 14. HP: 113/113 MP: 4/24
 17441 | Lair:5   | Entered Level 5 of the Lair of Beasts
 18450 | Lair:5   | Found a corrupted altar of Lugonu.
 18450 | Lair:5   | Found a one-way gate to the infinite horrors of the Abyss.
 18461 | Lair:5   | Got the Volume of Coruscating Displacement
 18591 | Lair:5   | Found a viscous altar of Jiyva.
 18595 | Lair:5   | Found a staircase to the Slime Pits.
 18785 | Lair:5   | Reached XP level 15. HP: 119/119 MP: 19/27
 19706 | D:12     | Reached skill level 10 in Invocations
 20483 | D:13     | Reached skill level 15 in Long Blades
 20788 | D:13     | Found a gate to the Vaults.
 21087 | Orc:1    | Entered Level 1 of the Orcish Mines
 21097 | Orc:1    | Found Epiweph's Antique Weapon Shoppe.
 21315 | Orc:2    | Entered Level 2 of the Orcish Mines
 21465 | Orc:2    | Found a staircase to the Elven Halls.
 21993 | Orc:2    | Found Ewnacwemm's General Store.
 21996 | Orc:2    | Found Lotont's General Store.
 22353 | Orc:2    | Reached XP level 16. HP: 110/124 MP: 27/29
 22369 | Orc:2    | Found Madeps's Antique Weapon Shop.
 22369 | Orc:2    | Found Yduomiy's Jewellery Boutique.
 22370 | Orc:2    | Found a one-way gate leading to the halls of Pandemonium.
 22639 | D:11     | Bought the ring of the Tortoise {AC+8} for 1664 gold pieces
 22639 | D:11     | Found the ring of the Tortoise {AC+8}
 22993 | D:14     | Noticed Lodul
 22997 | D:14     | Killed Lodul
 23198 | D:14     | Found a stormy altar of Qazlal.
 23517 | D:14     | Noticed Kirke
 23522 | D:14     | Killed Kirke
 23721 | D:15     | Entered Level 15 of the Dungeon
 23837 | D:15     | Reached skill level 10 in Spellcasting
 23950 | D:15     | Found a portal to a secret trove of treasure.
 24108 | D:15     | Found a staircase to the Depths.
 24594 | Spider:1 | Entered Level 1 of the Spider Nest
 25117 | Shoals:1 | Entered Level 1 of the Shoals
 25457 | Spider:1 | Learned a level 4 spell: Passage of Golubria
 27495 | Spider:2 | Reached XP level 17. HP: 131/131 MP: 22/31
 27674 | Spider:2 | Noticed Arachne
 27691 | Spider:2 | Killed Arachne
 28143 | Spider:2 | Reached skill level 15 in Translocations
 28329 | Spider:3 | Noticed Louise
 28434 | Spider:3 | Noticed Donald
 28458 | Spider:2 | Killed Louise
 28501 | Spider:3 | Killed Donald
 28978 | Spider:3 | Noticed sastreii's ghost (adept DrBr)
 28981 | Spider:3 | Found a transporter.
 29068 | Spider:3 | Found a transporter.
 29641 | Spider:3 | Noticed Nikola
 29653 | Spider:3 | Killed Nikola
 30008 | Spider:4 | Entered Level 4 of the Spider Nest
 30083 | Spider:4 | Found a runed translucent door.
 30088 | Spider:4 | Noticed Bekk's ghost (adept MiFi)
 30545 | Orc:2    | Bought the amulet of Dufytz {RegenMP SInv} for 576 gold
                  | pieces
 31051 | Spider:4 | Identified the +9 orcbow "Fevelell" {flame, Dex+4}
 31222 | Spider:4 | Identified the +0 chain mail of Vexaocuo {Rampage Dex+5}
 31783 | Spider:4 | Reached skill level 10 in Armour
 31790 | Spider:4 | Reached XP level 18. HP: 142/142 MP: 11/32
 32111 | Spider:4 | Reached skill level 10 in Dodging
 32395 | Spider:4 | Got a gossamer rune of Zot
 33199 | Shoals:1 | Found Qoly's Weapon Shop.
 33207 | Shoals:1 | Learned a level 5 spell: Summon Forest
 33244 | Shoals:1 | Reached skill level 1 in Summonings
 33274 | Shoals:1 | Found Besaf's Jewellery Shop.
 33553 | Shoals:1 | Found Obuwukli's Merfolk Weapons.
 33553 | Shoals:1 | Found Obuwukli's Visitors' Centre.
 33683 | Shoals:1 | Found Obuwukli's Merfolk Magic.
 33683 | Shoals:1 | Found Obuwukli's Merfolk Armours.
 33841 | Shoals:1 | Noticed KimchiStew's ghost (adept TrGl)
 33872 | Shoals:1 | Found a runed translucent door.
 34734 | Shoals:2 | Reached skill level 5 in Summonings
 34834 | Shoals:2 | Reached skill level 15 in Fighting
 35032 | Shoals:2 | Noticed Polyphemus
 35093 | Shoals:2 | Killed Polyphemus
 35807 | Shoals:3 | Reached XP level 19. HP: 126/155 MP: 23/33
 35926 | Shoals:3 | Found Jifyjirgh's Book Shoppe.
 36668 | Shoals:4 | Entered Level 4 of the Shoals
 36874 | Shoals:4 | Found the +7 great mace "Undeadhunter" {deathbane, rN+}
 36876 | Shoals:4 | Identified the amulet "Dasimam" {RegenMP rF+ Dex+5}
 37981 | Shoals:4 | Noticed Mara
 38384 | Shoals:4 | Noticed KimchiStew's illusion
 38394 | Shoals:4 | Killed Mara
 38524 | Shoals:4 | Identified the ring "Olucs" {Fire rElec Will+ Dex+4}
 38531 | Shoals:4 | Got a barnacled rune of Zot
 39060 | Vaults:1 | Entered Level 1 of the Vaults
 39213 | Shoals:1 | Bought the ring "Nyawarem" {rC+ Will+ Str+2} for 604 gold
                  | pieces
 39667 | Vaults:1 | Reached skill level 1 in Shields
 39680 | Vaults:1 | Paralysed by a formless jellyfish for 1 turns
 39962 | Vaults:1 | You fall into a shaft and drop 1 floor!
 39962 | Vaults:2 | Found a crumbling gateway.
 39962 | Vaults:2 | Found a white marble altar of Elyvilon.
 39962 | Vaults:2 | Found a glowing silver altar of Zin.
 39962 | Vaults:2 | Found a glowing golden altar of the Shining One.
 40186 | Desolati | Entered the Desolation of Salt
 40222 | Desolati | Reached XP level 20. HP: 57/170 MP: 7/34
 40235 | Desolati | Identified the ring "Jinij" {Fly Str+3}
 40447 | Desolati | Identified the ring "Igrae" {AC+4 Int+4}
 40492 | Desolati | Identified the +5 quarterstaff of the Scuffed God {heavy,
                  | Dex+4}
 40492 | Desolati | Identified the ring "Alui" {rC+ rN+ Stlth+}
 40503 | Desolati | Reached skill level 5 in Shields
 40816 | Desolati | Identified the +2 chain mail of Tenacity {rPois Str+2
                  | Dex-3}
 40971 | Desolati | Identified the staff of fire "Lidghy" {rF+ rN+ Will+ Dex-5
                  | Stlth+}
 40987 | Desolati | Identified the +4 shortbow of Mynapp {heavy, rPois}
 41169 | Desolati | Found the +3 giant club "Skullcrusher" {speed, Str+7}
 41870 | Vaults:2 | Found Ybafuerghi's Armour Boutique.
 42609 | Spider:4 | Killed Bekk's ghost
 43267 | Vaults:1 | Identified the +4 scale mail "Nifoog" {+Inv Will+ Dex+5}
 44281 | Vaults:1 | Reached XP level 21. HP: 162/177 MP: 18/37
 44482 | Vaults:1 | Found a large runed translucent door.
 44482 | Vaults:1 | Found a large runed translucent door.
 44482 | Vaults:1 | Noticed Qotsoore's ghost (adept DsFi)
 44482 | Vaults:1 | Noticed Fubrub's ghost (veteran GnWr)
 45286 | Vaults:2 | Identified the staff of fire "Kirr" {rElec rF+ Int+2}
 45498 | Vaults:2 | Reached skill level 15 in Dodging
 45681 | Vaults:3 | Found a magical portal.
 45691 | WizLab   | Entered Tukima's Studio
 46022 | WizLab   | Noticed KimchiStew's illusion
 46085 | WizLab   | Noticed KimchiStew's illusion
 46202 | WizLab   | Noticed KimchiStew's illusion
 46432 | WizLab   | Noticed KimchiStew's illusion
 46454 | WizLab   | Identified the +3 hat "Josippim" {Dex+2}
 47307 | Vaults:3 | Noticed Saint Roka
 47311 | Vaults:3 | Reached skill level 5 in Stealth
 47342 | Vaults:3 | Killed Saint Roka
 47685 | Vaults:3 | Reached skill level 10 in Summonings
 48233 | Vaults:3 | Found a staircase to the Crypt.
 48297 | Vaults:3 | Noticed Mennas
 48320 | Vaults:3 | Killed Mennas
 48524 | Vaults:3 | Identified the +0 plate armour of Mepeekus {Str+3 Stlth+}
 48618 | Vaults:4 | Reached XP level 22. HP: 68/184 MP: 6/39
 49664 | Vaults:4 | Paralysed by a formless jellyfish for 1 turns
 49676 | Vaults:4 | Reached skill level 10 in Shields
 51059 | Elf:1    | Entered Level 1 of the Elven Halls
 51625 | Elf:1    | Found a runed translucent gate.
 51625 | Elf:1    | Found a runed translucent gate.
 51625 | Elf:1    | Found a runed translucent gate.
 51625 | Elf:1    | Identified the ring "Mebageas" {rC+ Slay+4}
 51626 | Elf:1    | Noticed Zachyss's ghost (adept MiFi)
 51960 | Elf:1    | Identified the +0 cloak of Vehumet's Regard {rElec rPois
                  | rC- Str+8}
 51961 | Elf:1    | Identified the +1 pair of gloves "Funon" {rC+ Slay+2}
 52022 | Elf:1    | Killed Zachyss's ghost
 52609 | Elf:2    | Found Jock's Magic Scroll Boutique.
 52708 | Elf:2    | Found an ancient bone altar of Kikubaaqudgha.
 52904 | Elf:2    | Reached XP level 23. HP: 173/190 MP: 33/41
 53090 | Elf:2    | Found a runed translucent gate.
 53091 | Elf:2    | Found a runed translucent gate.
 53091 | Elf:2    | Found a runed translucent gate.
 53141 | Elf:3    | Entered Level 3 of the Elven Halls
 53288 | Elf:3    | Found a radiant altar of Vehumet.
 53674 | Elf:3    | Identified the amulet of Lies {Spirit SInv}
 53678 | Elf:3    | Identified the +1 demon whip of Magnificence {venom, rCorr}
 53857 | Elf:3    | Identified the +4 robe "Agiyseof" {Dex+5}
 53942 | Elf:3    | Identified the staff of conjuration "Weurec" {rF- Int+6
                  | Dex+9 Stlth-}
 53985 | Elf:3    | Identified the +8 longbow of Duty {freeze, MP+9}
 54065 | Elf:3    | Identified the +2 pair of gloves "Cisaqun" {Regen+ Int+4}
 54081 | Elf:3    | Found the +27 heavy crossbow "Sniper" {heavy, Acc+∞ SInv}
 54122 | Elf:3    | Identified the staff of death "Kangedun" {rN+ Dex+6}
 54234 | Elf:3    | Identified the staff of fire "Umiqeor" {+Blink rF+ rC++}
 54392 | Elf:3    | Identified the ring of Sinaoppi {rN+ Slay+4}
 54495 | Elf:3    | Found Meitargh's Antique Weapon Shop.
 55147 | Depths:1 | Entered Level 1 of the Depths
 55170 | Depths:1 | Reached skill level 15 in Spellcasting
 55545 | Elf:2    | Bought a scroll of acquirement for 936 gold pieces
 55545 | Elf:2    | Acquired the +1 cloak of the Yeti {rC++ MP+9}
 55947 | Depths:1 | Learned a level 8 spell: Summon Horrible Things
 56170 | Depths:1 | Found a gateway to Hell.
 56191 | Depths:1 | Found Ruycosm's Changing Room.
 56404 | Depths:1 | Noticed a caustic shrike
 56404 | Depths:1 | Noticed a caustic shrike
 56404 | Depths:1 | Noticed a caustic shrike
 56411 | Depths:1 | Killed a caustic shrike
 56411 | Depths:1 | Killed a caustic shrike
 56411 | Depths:1 | Killed a caustic shrike
 56460 | Depths:1 | Reached skill level 15 in Shields
 56832 | Depths:1 | Noticed a juggernaut
 56835 | Depths:1 | Reached XP level 24. HP: 197/197 MP: 25/42
 56840 | Depths:1 | Killed a juggernaut
 57323 | Depths:2 | Found Ycyaxzy's Antique Armour Boutique.
 57454 | Depths:2 | Found an iron altar of Okawaru.
 58070 | Depths:3 | Reached skill level 5 in Throwing
 58277 | Depths:3 | Found a one-way gateway to a ziggurat.
 58319 | Depths:3 | Found a corrupted altar of Lugonu.
 59393 | Depths:3 | Identified the ring "Lire" {rN++ Str+6 Stlth+}
 59587 | Depths:4 | Entered Level 4 of the Depths
 60734 | Depths:4 | Found a gate to the Realm of Zot.
 60752 | Depths:4 | Reached skill level 10 in Throwing
 61152 | Depths:4 | Found a glowing golden altar of the Shining One.
 61900 | Shoals:1 | Bought the ring "Locvo Jiaso" {rPois rC++ Will- rCorr
                  | Int+6} for 925 gold pieces
 62458 | Slime:1  | Entered Level 1 of the Pits of Slime
 62460 | Slime:1  | Gained mutation: You occasionally lose the ability to read
                  | scrolls when taking damage. [a shining eye]
 62491 | Lair:5   | Lost mutation: You occasionally lose the ability to read
                  | scrolls when taking damage. [potion of mutation]
 62491 | Lair:5   | Gained mutation: A frigid envelope surrounds you and
                  | freezes all who hurt you. [potion of mutation]
 62491 | Lair:5   | Gained mutation: You have a somewhat thin skeletal
                  | structure. (Dex +2, Stealth+) [potion of mutation]
 62491 | Lair:5   | Gained mutation: You are clumsy. (Dex -2) [potion of
                  | mutation]
 62543 | Slime:2  | Noticed Dissolution
 62547 | Slime:2  | Reached XP level 25. HP: 204/204 MP: 41/42
 62549 | Slime:2  | Gained mutation: You are vulnerable to cold. (rC-) [a
                  | shining eye]
 62551 | Slime:2  | Paralysed by a floating eye for 2 turns
 62553 | Slime:2  | Gained mutation: You have hidden genetic defects. [a
                  | shining eye]
 62565 | Slime:1  | Paralysed by a floating eye for 3 turns
 62566 | Slime:1  | Killed Dissolution
 63068 | Slime:3  | Paralysed by a formless jellyfish for 1 turns
 63227 | Slime:4  | Paralysed by a formless jellyfish for 1 turns
 63306 | Slime:3  | Gained mutation: You occasionally shout uncontrollably at
                  | your foes. [hidden defects]
 63345 | Slime:3  | Lost mutation: A frigid envelope surrounds you and freezes
                  | all who hurt you. [potion of mutation]
 63345 | Slime:3  | Lost mutation: You are clumsy. (Dex -2) [potion of
                  | mutation]
 63345 | Slime:3  | Gained mutation: You expend magic power (3 MP) to
                  | strengthen your wands. [potion of mutation]
 63346 | Slime:3  | Lost mutation: You expend magic power (3 MP) to strengthen
                  | your wands. [potion of mutation]
 63346 | Slime:3  | Lost mutation: You have hidden genetic defects. [potion of
                  | mutation]
 63346 | Slime:3  | Gained mutation: You are robust. (+10% HP) [potion of
                  | mutation]
 63346 | Slime:3  | Gained mutation: You expend magic power (3 MP) to
                  | strengthen your wands. [potion of mutation]
 63370 | Slime:5  | Entered Level 5 of the Pits of Slime
 63456 | Slime:5  | Gained mutation: You frequently scream uncontrollably at
                  | your foes. [a shining eye]
 63465 | Slime:5  | Noticed the Royal Jelly
 63479 | Slime:5  | Killed the Royal Jelly
 63486 | Slime:5  | Gained mutation: Your magical capacity is low. (-10% MP) [a
                  | shining eye]
 63488 | Slime:5  | Gained mutation: Armour fits poorly on your strangely
                  | shaped body. [a shining eye]
 63649 | Slime:5  | Gained mutation: You have hidden genetic defects. [a
                  | shining eye]
 63748 | Slime:5  | Lost mutation: Armour fits poorly on your strangely shaped
                  | body. [potion of mutation]
 63748 | Slime:5  | Lost mutation: You frequently scream uncontrollably at your
                  | foes. [potion of mutation]
 63748 | Slime:5  | Gained mutation: You have a pair of small horns on your
                  | head. [potion of mutation]
 63748 | Slime:5  | Gained mutation: You are very robust. (+20% HP) [potion of
                  | mutation]
 63749 | Slime:5  | Lost mutation: You are very robust. (+20% HP) [potion of
                  | mutation]
 63749 | Slime:5  | Lost mutation: You are vulnerable to cold. (rC-) [potion of
                  | mutation]
 63749 | Slime:5  | Gained mutation: You have supernaturally acute eyesight.
                  | (SInv) [potion of mutation]
 63749 | Slime:5  | Gained mutation: Your skin changes colour to match your
                  | surroundings (Stealth+). [potion of mutation]
 63749 | Slime:5  | Gained mutation: Your magical capacity is very low. (-20%
                  | MP) [potion of mutation]
 63749 | Slime:5  | Gained mutation: Your flesh is cold resistant. (rC+)
                  | [potion of mutation]
 63875 | Slime:5  | Got the Elucidation of the Hornet and the Crevasse
 63887 | Slime:5  | Found the +1 cloak of Starlight {*Dazzle EV+4 Stlth--}
 63909 | Slime:5  | Got a slimy rune of Zot
 63984 | Slime:5  | Identified the +1 leather armour of the Forsaken Visions
                  | {Drain +Inv rCorr Int+4}
 64025 | Slime:5  | Learned a level 6 spell: Dispersal
 64034 | Slime:5  | Learned a level 8 spell: Disjunction
 64040 | Slime:5  | Learned a level 5 spell: Summon Mana Viper
 64050 | Slime:5  | Identified the +10 hand axe "Yrutiun" {flame, Str+3 Int+3}
 64056 | Slime:5  | Identified the staff of fire "Gughel" {rF+ Will+}
 64085 | Slime:5  | Paralysed by a great orb of eyes for 4 turns
 64194 | Slime:5  | Lost mutation: You are robust. (+10% HP) [a shining eye]
 64200 | Slime:5  | Gained mutation: You occasionally lose the ability to read
                  | scrolls when taking damage. [a shining eye]
 64201 | Slime:5  | Gained mutation: You are dopey. (Int -2) [a shining eye]
 64212 | Slime:5  | Gained mutation: You sometimes lose your temper in combat.
                  | [a shining eye]
 64222 | Slime:5  | Gained mutation: Your magical capacity is extremely low.
                  | (-30% MP) [a shining eye]
 64224 | Slime:5  | Gained mutation: You are very dopey. (Int -4) [a shining
                  | eye]
 64227 | Slime:5  | Gained mutation: You sometimes lose the ability to read
                  | scrolls when taking damage. [a shining eye]
 64238 | Slime:5  | Gained mutation: You are clumsy. (Dex -2) [a shining eye]
 64240 | Slime:5  | Gained mutation: You occasionally lose the ability to drink
                  | potions when taking damage. [a shining eye]
 64254 | Slime:5  | Gained mutation: You are occasionally teleported next to
                  | monsters. [a shining eye]
 64255 | Slime:5  | Gained mutation: You are frail. (-10% HP) [a shining eye]
 64261 | Slime:5  | Gained mutation: You are vulnerable to heat. (rF-) [a
                  | shining eye]
 64313 | Slime:1  | Reached skill level 1 in Hexes
 64317 | Slime:1  | Gained mutation: Your body sometimes deteriorates upon
                  | taking damage. [a shining eye]
 64319 | Slime:1  | Gained mutation: Your spells are a little easier to cast,
                  | but a little less powerful. [a shining eye]
 64320 | Slime:1  | Gained mutation: You have an uncontrollable temper. [a
                  | shining eye]
 64323 | Slime:1  | Gained mutation: You are very frail. (-20% HP) [a shining
                  | eye]
 64324 | Slime:1  | Gained mutation: Your spells are easier to cast, but less
                  | powerful. [a shining eye]
 64594 | D:11     | Bought a potion of mutation for 112 gold pieces
 64869 | Orc:2    | Bought a potion of mutation for 136 gold pieces
 64869 | Orc:2    | Bought a scroll of magic mapping for 127 gold pieces
 64869 | Orc:2    | Bought a scroll of magic mapping for 127 gold pieces
 65121 | Depths:1 | Bought a potion of mutation for 168 gold pieces
 65528 | Orc:2    | Bought a potion of heal wounds for 70 gold pieces
 65529 | Orc:2    | Lost mutation: You have hidden genetic defects. [potion of
                  | mutation]
 65529 | Orc:2    | Lost mutation: You have a pair of small horns on your head.
                  | [potion of mutation]
 65529 | Orc:2    | Lost mutation: You expend magic power (3 MP) to strengthen
                  | your wands. [potion of mutation]
 65529 | Orc:2    | Gained mutation: Your muscles are strong. (Str +4, Int/Dex
                  | -1) [potion of mutation]
 65530 | Orc:2    | Lost mutation: Your flesh is cold resistant. (rC+) [potion
                  | of mutation]
 65530 | Orc:2    | Lost mutation: You have an uncontrollable temper. [potion
                  | of mutation]
 65530 | Orc:2    | Lost mutation: Your skin changes colour to match your
                  | surroundings (Stealth+). [potion of mutation]
 65530 | Orc:2    | Lost mutation: You are vulnerable to heat. (rF-) [potion of
                  | mutation]
 65530 | Orc:2    | Gained mutation: Your muscles are very strong. (Str +8,
                  | Int/Dex -2) [potion of mutation]
 65531 | Orc:2    | Lost mutation: You are clumsy. (Dex -2) [potion of
                  | mutation]
 65531 | Orc:2    | Lost mutation: Your magical capacity is extremely low.
                  | (-30% MP) [potion of mutation]
 65769 | Vaults:2 | Fell from the grace of Cheibriados
 65769 | Vaults:2 | Became a worshipper of Zin the Law-Giver
 65837 | Crypt:1  | Entered Level 1 of the Crypt
 66347 | Crypt:1  | Donated 9 gold pieces to Zin
 66372 | Crypt:1  | Noticed Margery
 66581 | Crypt:1  | Killed Margery
 66979 | Crypt:1  | Reached * piety under Zin
 67065 | Crypt:1  | Noticed Zenata
 67390 | Crypt:1  | Mangled by a +6 heavy glaive

Illustrated notes

Levels and vault maps discovered:
D:1:      lemuel_arrival_room, layout_basic, serial_glass, glass_columns_a,
          glass_columns_c, minmay_stone_trees_small
D:2:      layout_basic, uniq_sigmund
D:3:      cheibrodos_fertilizer, layout_basic, lightli_temple_of_fire,
          dreamdust_princess_corridor, uniq_grinder, uniq_terence
D:4:      layout_basic, lemuel_doored_altar, grunt_gozag_breadcrumbs,
          uniq_duvessa
D:5:      layout_basic, dancing_weapons_uskayaw,
          gammafunk_temple_overflow_forgotten
D:6:      layout_rooms, elyvilon_altar_5
D:7:      layout_basic, temple_pool_b, chequers_serial_rivers_room_b,
          uniq_prince_ribbit1, uniq_joseph
D:8:      layout_basic, kennysheep_minor_cross, minmay_unpleasant_kobolds
D:9:      layout_irregular_city, tgw_kikubaaqudgha, nicolae_ru_path_of_blood,
          xom_redecorated, lair_entry_dummy, introduction_to_nature_1
D:10:     layout_rooms, mainiacjoe_overflow_catwalk,
          kennysheep_orc_monster_closet_entryway, minmay_st_funbox,
          eino_tiny_chamber, nicolae_transporter_circle, uniq_nergalle
D:11:     layout_gridville, serial_shops, shop, nicolae_shop_hallway_plus,
          nicolae_lakefront_shop, nicolae_shop_crystal, nicolae_wwwww,
          chequers_jeans, nrook_mini_backslash, uniq_josephine
D:12:     layout_irregular_city
D:13:     layout_basic, hangedman_vaults_entry_quadrant_bands, hex_medium
D:14:     layout_cave_pods, nicolae_qazlal_scattered_showers, uniq_lodul,
          uniq_kirke
D:15:     grunt_enter_depths_snipers, layout_cave_pools,
          nicolae_trove_entry_free_sample, minmay_hedge_maze
Lair:1:   layout_regular_city, hangedman_lair_generics_rect, grunt_megastairs_2,
          serial_bayou_shore_a, infiniplex_staircase_pool, lemuel_fruit_fields,
          lemuel_fruit_fields
Lair:2:   minmay_lair_venomous_thicket, layout_gridlike,
          minmay_shoals_entry_centaurs, spider_nest_entry_funnel_web,
          nicolae_volcano_entry_lava_flow, minmay_stone_trees_large,
          minivault_23, uniq_harold
Lair:3:   layout_cave_pods
Lair:4:   layout_regular_city, serial_bayou_lagoon_a, beast_lair_carwin_10,
          grunt_megastairs_4
Lair:5:   hellmonk_lair_end_abyssal_woods, layout_misc_corridors, slime_entry_1
Shoals:1: nicolae_shoals_mermall, layout_shoals, hellmonk_ghost_happy_afterlife,
          serial_shops, shop, nicolae_shop_waterfront
Shoals:2: layout_shoals, uniq_polyphemus
Shoals:3: layout_shoals, nicolae_stop_n_shop_1
Shoals:4: shoals_end_hellmonk_lost_city, uniq_mara
Spider:1: layout_chambers
Spider:2: layout_spider_delve, nicolae_spider_eight_legs, uniq_arachne
Spider:3: layout_spider_delve, gammafunk_ghost_arena, nicolae_spider_orb_run,
          nicolae_spider_cling_halls, uniq_louise, uniq_donald, uniq_nikola
Spider:4: grunt_spider_rune_parallel, ebering_ghost_inner_flame
Slime:1:  layout_caves
Slime:2:  layout_caves, dissolution_awaits
Slime:3:  layout_caves
Slime:4:  layout_caves
Slime:5
Orc:1:    layout_caves, serial_shops, shop_fountains
Orc:2:    pf_orc_diabolical, layout_caves, basic_altar
Elf:1:    layout_geoelf_diagonals, gammafunk_ghost_tricky_traps,
          minmay_elf_crystal_hexagon
Elf:2:    elven_hall_of_blades_hangedman_original [nicolae_blade_tridents],
          layout_geoelf_grid, serial_shops, shop, guppyfry_elf_altar
Elf:3:    grunt_elf_hall_spiral, layout_loops_ring, basic_altar, serial_shops,
          shop
Vaults:1: advil_vaults_ghost_guards, v_rooms_3, nicolae_vaults_back_hallway,
          nicolae_vaults_house_3, nicolae_vaults_trapezoid_2, v_alt_pattern_1,
          vaults_room_fours, vaults_dpeg_emergency_exit,
          nicolae_vaults_storage_closets_1, nicolae_vaults_murderbox,
          nicolae_vaults_tetromino_T_1, layout_vaults_omnigrid, serial_glass
Vaults:2: portal_desolation_entry_holy_temple, hangedman_vaults_capsules,
          hangedman_vaults_nodes, nicolae_vaults_wine_cellar, vaults_mumra_hex,
          hangedman_vaults_maws, ontoclasm_vaults_loading_screen,
          nicolae_vaults_tetromino_Z_2, v_misc_3, nicolae_vaults_rhombus_5,
          nicolae_vaults_antechamber_and_loot_room,
          nicolae_vaults_tetromino_L_1, layout_vaults_omnicross, serial_shops,
          shop
Vaults:3: mu_enter_wizlab_5, v_rooms_4, blue_anna_dwarven_crypt, v_misc_19,
          vaults_room_stairs_pillars, v_misc_12, v_misc_14, v_misc_9,
          nicolae_vaults_little_squares_6, nicolae_vaults_prndl, st_check,
          nicolae_vaults_door_testing_chamber, nicolae_vaults_border_crossing,
          layout_vaults_ring, uniq_mennas, uniq_saint_roka
Vaults:4: v_misc_32, vaults_dpeg_spiral, grunt_vaults_twisty,
          nicolae_vaults_trapezoid_lopsided_1,
          nicolae_vaults_security_offices_5, v_rooms_6,
          nicolae_vaults_diagonal_hallway_8, ontoclasm_vaults_claustrophobia,
          nicolae_vaults_house_3, ontoclasm_vaults_ring_square,
          nicolae_vaults_little_ls, vaults_room_ringed_pool,
          nicolae_vaults_heart-shaped_vault, nicolae_vaults_storage_closets_2,
          vaults_dpeg_encased_lava, layout_vaults_maze
Crypt:1:  layout_gridlike, grunt_crypt_arrival_split, uniq_margery, uniq_zenata
Depths:1: grunt_bent_corner, layout_cave_pools, eino_curves_01, hell_entry,
          kennysheep_decorative_pillar, nicolae_transmutations_shop
Depths:2: grated_community_mu [grated_community_mu_vampire_home,
          grated_community_mu_giant_home, grated_community_mu_spellcaster_home,
          grated_community_mu_orcish_home, grated_community_mu_troll_home,
          grated_community_mu_taur_home, grated_community_mu_unbuilt_plot],
          layout_long_grid, minmay_room_of_horrors, hell_entry,
          grunt_pan_entry_sceptre, okawaru_trees_1, serial_shops,
          kennysheep_mini_moat, uniq_josephina, uniq_vv
Depths:3: minmay_eyes, layout_basic, enter_ziggurat_c, grunt_hell_entry_dis_mu,
          abyss_entry_flame_altar, chequers_serial_rivers_micro_c
Depths:4: grunt_crosshair, layout_cave_shapes, tso_metal_star, abyss_entry,
          hangedman_coc_ice_floe

Skill      XL: |  1  2  3  4  5  6  7  8  9 10 11 12 13 14 15 16 17 18 19 20 21 22 23 24 25 |
---------------+----------------------------------------------------------------------------+-----
Stealth        | 1 2 3 5 |  5.0
Long Blades    | 3 5 6 8 10 11 12 14 15 18 | 18.7
Fighting       | 7 10 11 12 15 17 18 | 18.5
Throwing       | 3 4 10 12 | 12.0
Ice Magic      | 3 6 8 |  8.0
Spellcasting   | 3 6 8 9 10 12 13 14 15 | 15.2
Translocations | 4 8 10 11 12 13 14 15 16 18 | 18.2
Invocations    | 3 5 7 9 11 12 14 | 14.0
Evocations     | 2 4 5 8 9 |  9.0
Armour         | 3 4 6 7 10 11 | 11.6
Dodging        | 3 5 6 7 9 10 13 16 17 18 | 18.7
Air Magic      | 2 4 |  4.0
Summonings     | 6 8 10 12 13 14 | 14.9
Shields        | 3 8 12 15 | 15.8
Hexes          | 3 |  3.0

Action                     |  1- 3 |  4- 6 |  7- 9 | 10-12 | 13-15 | 16-18 | 19-21 | 22-24 | 25-27 || total
---------------------------+-------+-------+-------+-------+-------+-------+-------+-------+-------++-------
  Melee: Falchion          |    68 |       |       |       |       |       |       |       |       ||    68
         Short sword       |    90 |    85 |       |       |       |       |       |       |       ||   175
         Punch             |       |     2 |       |     4 |     3 |    10 |     3 |       |       ||    22
         Dagger            |       |    14 |   235 |    60 |       |       |       |       |       ||   309
         Great sword       |       |       |     2 |       |       |       |       |       |       ||     2
         Long sword        |       |       |       |   391 |  1060 |  1474 |  1909 |   569 |       ||  5403
         Eudemon blade     |       |       |       |       |       |       |       |  1626 |   865 ||  2491
         Headbutt          |       |       |       |       |       |       |       |       |    17 ||    17
  Throw: Boomerang         |     7 |       |     1 |     6 |     9 |     7 |     6 |       |       ||    36
         Dart              |       |       |    13 |    13 |    21 |    20 |     1 |     1 |       ||    69
         Javelin           |       |       |       |       |       |       |     6 |    12 |       ||    18
   Cast: Blink             |     1 |       |       |     2 |       |     1 |     1 |       |       ||     5
         Frozen Ramparts   |       |       |       |    30 |    33 |    60 |    20 |    18 |       ||   161
         Manifold Assault  |       |       |       |   136 |   369 |   605 |   679 |   822 |   237 ||  2848
         Teleport Other    |       |       |       |     5 |       |       |       |       |       ||     5
         Lesser Beckoning  |       |       |       |     7 |     6 |    16 |    24 |    40 |       ||    93
         Vhi's Electric Ch |       |       |       |     1 |       |    10 |    13 |       |       ||    24
         Passage of Golubr |       |       |       |       |       |     6 |       |       |       ||     6
         Summon Forest     |       |       |       |       |       |       |     7 |     4 |     2 ||    13
 Invoke: Slouch            |       |       |       |       |     1 |     7 |     6 |     7 |     1 ||    22
         Bend Time         |       |       |       |       |       |       |     1 |       |       ||     1
         Temporal Distorti |       |       |       |       |       |       |     1 |       |       ||     1
         Donate Gold       |       |       |       |       |       |       |       |       |     1 ||     1
Ability: Hop               |     1 |     2 |     3 |     4 |     5 |     6 |    12 |     2 |     3 ||    38
  Evoke: Wand              |       |     4 |     4 |     2 |       |     6 |       |     2 |       ||    18
         Phantom mirror    |       |       |       |       |       |       |     1 |     1 |     2 ||     4
         Box of beasts     |       |       |       |       |       |       |       |       |     1 ||     1
    Use: Scroll            |       |     4 |     9 |    10 |     6 |     5 |     7 |     5 |     7 ||    53
         Potion            |       |     1 |     1 |     2 |     2 |     7 |    11 |     6 |    10 ||    40
   Stab: Sleeping          |     1 |     2 |     2 |       |     4 |     1 |     2 |     2 |       ||    14
         Paralysed         |       |     5 |       |       |       |     2 |       |       |       ||     7
         Distracted        |       |       |       |       |     2 |       |     1 |     1 |       ||     4
 Armour: Leather armour    |    54 |    10 |       |       |       |       |       |       |       ||    64
         Robe              |       |     1 |    55 |    11 |       |       |       |       |       ||    67
         Troll leather arm |       |       |       |    62 |    69 |   225 |       |       |       ||   356
         Pearl dragon scal |       |       |       |       |       |    45 |   243 |    93 |   115 ||   496
  Dodge: Dodged            |   118 |    33 |   103 |   221 |   378 |   622 |   712 |   502 |   266 ||  2955
         Repelled          |       |       |       |       |       |     3 |    13 |     2 |       ||    18
  Block: Other             |       |    11 |    43 |    54 |       |       |       |       |       ||   108
         Reflection        |       |       |     2 |     6 |       |       |       |       |       ||     8
         Kite shield       |       |       |       |       |       |       |   202 |   383 |       ||   585
         Tower shield      |       |       |       |       |       |       |       |   229 |   455 ||   684

Table legend: (Time is in decaauts)
 A = Elapsed time spent in this place.
 B = Non-inter-level travel time spent in this place.
 C = Inter-level travel time spent in this place.
 D = Time resting spent in this place.
 E = Time spent auto-exploring this place.
 F = Levels seen in this place.
 G = Mean time per level.
                   A        B        C        D        E       F      G
               +--------+--------+--------+--------+--------+-----+--------+
         Total | 107993 |  89355 |  18638 |  20602 |  43623 |  50 | 2159.9 |
       Dungeon |  28993 |  21667 |   7326 |   3974 |  11535 |  15 | 1932.9 |
          Lair |  13319 |  10763 |   2556 |   1586 |   6614 |   5 | 2663.8 |
        Shoals |  10113 |   8842 |   1271 |   2503 |   3556 |   4 | 2528.2 |
   Spider Nest |  11972 |  11100 |    872 |   3327 |   4555 |   4 | 2993.0 |
    Slime Pits |   2457 |   2339 |    118 |   1105 |     91 |   5 |  491.4 |
  Orcish Mines |   4195 |   2500 |   1695 |    340 |   1550 |   2 | 2097.5 |
   Elven Halls |   6559 |   6086 |    473 |   1284 |   3364 |   3 | 2186.3 |
        Vaults |  15925 |  12248 |   3677 |   3230 |   6809 |   4 | 3981.2 |
         Crypt |   1515 |   1510 |      5 |    429 |    628 |   1 | 1515.0 |
        Depths |   9344 |   8704 |    640 |   1734 |   4241 |   4 | 2336.0 |
       Volcano |    426 |    426 |      0 |    106 |      0 |   1 |  426.0 |
        Wizlab |   1084 |   1084 |      0 |    533 |      0 |   1 | 1084.0 |
    Desolation |   2087 |   2087 |      0 |    446 |    676 |   1 | 2087.0 |
               +--------+--------+--------+--------+--------+-----+--------+

Top non-repeatable levels by time:
Vaults:1: 5131 daAuts
Vaults:3: 3998 daAuts
Spider:4: 3941 daAuts
  Lair:1: 3635 daAuts
Depths:3: 3484 daAuts
Vaults:2: 3450 daAuts
Shoals:4: 3390 daAuts
Spider:1: 3369 daAuts
Vaults:4: 3344 daAuts
     D:9: 3306 daAuts
    D:13: 3272 daAuts
  Lair:2: 3212 daAuts
   Orc:2: 3165 daAuts
   Elf:3: 2893 daAuts
    D:10: 2833 daAuts
